 Dungeon Crawl Stone Soup version 0.26-a0-712-ga5a9c9c9d0 (webtiles) character file.

Game seed: 5960487101707591704

11480 kae the Martial Artist (level 11, -9/92 HPs)
             Began as an Octopode Transmuter on Nov 5, 2020.
             Was a High Priest of Cheibriados.
             Mangled by a seven-headed hydra (12 damage)
             ... on level 11 of the Dungeon.
             The game lasted 00:12:26 (15060 turns).

kae the Martial Artist (Octopode Transmuter)       Turns: 15060, Time: 00:12:27

Health: -9/92      AC:  7    Str: 29    XL:     11   Next: 78%
Magic:  10/13      EV: 21    Int: 27    God:    Cheibriados [*****.]
Gold:   746        SH:  0    Dex: 24    Spells: 3/16 levels left

rFire    . . .     SeeInvis .     - Unarmed
rCold    + + +     Faith    .   (shield currently unavailable)
rNeg     . . .     Spirit   .   (helmet currently unavailable)
rPois    +         Reflect  .   s - amulet of the acrobat
rElec    .         Harm     .   r - +4 ring of evasion
rCorr    .         Rampage  .   i - ring of protection from fire
MR       .....                  p - +6 ring of strength
Stlth    ++........             (no ring)
HPRegen  0.25/turn              (no ring)
MPRegen  0.13/turn              (no ring)
                                (no ring)
                                (no ring)

@: ice-form, very slow
A: large, almost no armour, stealthy swim, amphibious, 8 rings, (constrict 8),
low mp 1
a: End Transformation, Bend Time, Temporal Distortion, Slouch, Step From Time,
Renounce Religion


You were on level 11 of the Dungeon.
You worshipped Cheibriados.
Cheibriados was extremely pleased with you.
You were a creature of crystalline ice.
You visited 2 branches of the dungeon, and saw 12 of its levels.

You collected 878 gold pieces.
You spent 132 gold pieces at shops.

Inventory:

Jewellery
 c - an uncursed ring of fire
 i - a ring of protection from fire (right front paw)
 p - a +6 ring of strength (on tentacle)
 r - a +4 ring of evasion (left front paw)
 s - an amulet of the acrobat (around neck)
 y - a +6 ring of dexterity
 A - an uncursed ring of protection from cold
Wands
 d - a wand of iceblast (11)
 t - a wand of paralysis (27)
 w - a wand of digging (4)
 z - a wand of polymorph (11)
Scrolls
 a - a scroll of fog
 b - 5 scrolls of identify
 e - 3 scrolls of enchant weapon
 h - 5 scrolls of remove curse
 k - 3 scrolls of amnesia
 l - 3 scrolls of teleportation
 o - 3 scrolls of blinking
 u - a scroll of magic mapping
 v - 2 scrolls of random uselessness
Potions
 f - 3 potions of curing
 g - a potion of stabbing
 j - 5 potions of ambrosia
 m - 2 potions of invisibility
 n - 2 potions of cancellation
 q - a potion of heal wounds


   Skills:
 + Level 8.2 Fighting
 - Level 8.0 Dodging
 - Level 10.0 Unarmed Combat
 - Level 3.0 Spellcasting
 - Level 10.0 Transmutations
 - Level 4.0 Ice Magic
 - Level 3.0 Poison Magic


You had 3 spell levels left.
You knew the following spells:

 Your Spells              Type           Power        Failure   Level
a - Beastly Appendage     Tmut           ######       1%          1
b - Spider Form           Tmut/Pois      #####.....   1%          3
c - Blade Hands           Tmut           ######....   4%          5
d - Ice Form              Ice/Tmut       #####...     4%          4

Your spell library contained the following spells:

 Spells                   Type           Power        Failure   Level
 Wereblood                Tmut           ######..     1%          2
 Ensorcelled Hibernation  Hex/Ice        ##....       6%          2
 Corona                   Hex            #......      9%          1
 Confusing Touch          Hex            #.......     26%         3
 Dazzling Flash           Conj/Hex       #.....       26%         3
 Tukima's Dance           Hex            #.......     26%         3


Dungeon Overview and Level Annotations

Branches:
Dungeon (11/15)            Temple (1/1) D:4
   Lair: D:8-11         Orc: D:9-12

Altars:
Ashenzari
Cheibriados
Dithmenos
Elyvilon
Fedhas
Gozag
Hepliaklqana
Kikubaaqudgha
Makhleb
Nemelex Xobeh
Okawaru
Qazlal
Ru
Sif Muna
Trog
Uskayaw
Vehumet
Wu Jian
Xom
Yredelemnul
Zin
The Shining One

Shops:
D:5 !   D:7 ?   D:10 :

Annotations:
D:10 2 runed translucent doors
D:11 exclusions: hydra and oklob plant


Innate Abilities, Weirdness & Mutations

You cannot wear most types of armour.
You are very stealthy in the water. (Stealth+)
You are amphibious.
You can wear up to eight rings at the same time.
((You can use your tentacles to constrict eight enemies at once.))
((Your skin changes colour to match your surroundings (Stealth+).))
((Your rubbery body absorbs attacks. (AC +1, EV +1)))
((You are partially covered in large bone plates. (SH +4)))
((Your flesh is heat resistant. (rF+)))
Your magical capacity is low. (-10% MP)


Message History

The seven-headed hydra bites you! x2
* * * LOW HITPOINT WARNING * * *
The seven-headed hydra bites you.
* * * LOW HITPOINT WARNING * * *
The seven-headed hydra bites you!
* * * LOW HITPOINT WARNING * * *
The seven-headed hydra bites you!
* * * LOW HITPOINT WARNING * * *
The seven-headed hydra completely misses you.
You completely miss the seven-headed hydra.
The seven-headed hydra is heavily wounded.
The seven-headed hydra bites you but does no damage.
The seven-headed hydra barely misses you.
The seven-headed hydra closely misses you.
The seven-headed hydra bites you.
* * * LOW HITPOINT WARNING * * *
The seven-headed hydra bites you but does no damage.
The seven-headed hydra completely misses you.
The seven-headed hydra bites you!
You die...

.. #.... #...#...
......#...#######...'...
......#...#.....#...#...
......#...'.....'.......
..........#..........P..
........................
.............P....≈≈....
......D......^...≈≈≈≈P..
....#Y......P..≈≈.≈≈..
.D..#.........≈≈.....P .
#.........≈≈.≈≈.P.
#.........≈≈≈≈≈≈..
#.......P≈≈≈≈≈P..P
########........≈≈≈≈PP...
########.........[......≈≈≈.....
#......'........................
#......#..........#######.......


You could see a seven-headed hydra (slow).

Vanquished Creatures
  2 two-headed ogres (D:10)
  A deep elf knight (D:10)
  An unseen horror (D:11)
  A wizard (D:10)
  A deep elf mage (D:10)
  A gargoyle (D:10)
  A centaur skeleton (D:9)
  A rime drake (shapeshifter) (D:10)
  A queen bee (D:9)
  Grinder (D:6)
  2 wraiths
  4 yaks (D:9)
  2 basilisks
  A water moccasin (D:10)
  4 ice beasts
  A sky beast (D:6)
  2 black bears
  4 phantoms
  12 ogres
  4 orc warriors
  7 centaurs
  A big kobold (D:9)
  5 bullfrogs
  A gnoll sergeant (D:9)
  A scorpion (D:11)
  A jelly (D:11)
  19 killer bees (D:9)
  A wight (D:10)
  A howler monkey (D:10)
  4 bullfrog zombies
  2 quasits
  7 hounds
  A centaur zombie (D:5)
  2 orc priests
  2 bullfrog skeletons (D:10)
  8 orc wizards
  Jessica (D:2)
  2 iguanas
  6 worker ants
  7 gnolls
  18 adders
  A howler monkey skeleton (D:4)
  2 shadow imps (D:9)
  3 white imps
  3 ufetubi
  3 oozes (D:2)
  2 adder zombies
  3 worms
  4 dart slugs
  4 leopard geckos
  23 orcs
  13 bats
  11 giant cockroaches
  9 goblins
  5 hobgoblins
  11 jackals
  13 kobolds
  3 quokkas
  A ball python (D:2)
  3 frilled lizards
  A jackal skeleton (D:6)
  A jackal zombie (D:6)
  A quokka zombie (D:9)
  7 rats
271 creatures vanquished.

Vanquished Creatures (others)
  6 plants (D:11)
6 creatures vanquished.

Grand Total: 277 creatures vanquished

Notes
Turn   | Place    | Note
-------+----------+-------------------------------------------
     0 | D:1      | kae the Octopode Transmuter began the quest for the Orb.
     0 | D:1      | Reached XP level 1. HP: 13/13 MP: 3/3
   158 | D:1      | Reached XP level 2. HP: 12/18 MP: 3/5
  1158 | D:1      | Reached XP level 3. HP: 23/23 MP: 6/6
  1352 | D:2      | Learned a level 3 spell: Spider Form
  1701 | D:2      | Reached XP level 4. HP: 20/28 MP: 5/7
  2102 | D:2      | Found a glowing silver altar of Zin.
  2362 | D:2      | Noticed Jessica
  2367 | D:2      | Killed Jessica
  2367 | D:2      | Reached XP level 5. HP: 33/33 MP: 6/8
  2737 | D:3      | Found a burning altar of Makhleb.
  2828 | D:3      | Found a radiant altar of Vehumet.
  3134 | D:3      | Reached skill level 1 in Poison Magic
  3952 | D:4      | Found a staircase to the Ecumenical Temple.
  3977 | D:4      | Reached XP level 6. HP: 31/38 MP: 7/9
  4548 | D:4      | Reached skill level 5 in Unarmed Combat
  4685 | D:4      | Noticed a phantom
  4880 | D:4      | Killed a phantom
  4880 | D:4      | Reached skill level 5 in Transmutations
  4880 | D:4      | Reached XP level 7. HP: 34/43 MP: 10/10
  5348 | D:5      | Entered Level 5 of the Dungeon
  5586 | D:5      | Found a sacrificial altar of Ru.
  5869 | D:5      | Found Feliw's Distillery.
  6062 | D:5      | Reached XP level 8. HP: 42/48 MP: 7/11
  6128 | D:5      | Bought a potion of mutation for 88 gold pieces
  6128 | D:5      | Bought a potion of curing for 33 gold pieces
  6128 | D:5      | Bought a potion of degeneration for 11 gold pieces
  6129 | D:5      | Gained mutation: Your flesh is heat resistant. (rF+)
                  | [potion of mutation]
  6129 | D:5      | Gained mutation: Your magical capacity is low. (-10% MP)
                  | [potion of mutation]
  6129 | D:5      | Gained mutation: You are partially covered in large bone
                  | plates. (SH +4) [potion of mutation]
  7238 | D:6      | Found an iron altar of Okawaru.
  7625 | D:6      | You fall into a shaft and drop 3 floors!
  7980 | D:6      | Reached XP level 9. HP: 34/53 MP: 7/10
  8151 | D:6      | Noticed Grinder
  8172 | D:6      | Killed Grinder
  8262 | D:6      | Found a stormy altar of Qazlal.
  8450 | D:6      | Found a white marble altar of Elyvilon.
  8797 | Temple   | Entered the Ecumenical Temple
  9081 | D:7      | Found a snail-covered altar of Cheibriados.
  9092 | D:7      | Became a worshipper of Cheibriados the Contemplative
  9231 | D:7      | Learned a level 5 spell: Blade Hands
  9252 | D:7      | Noticed a brown ugly thing
  9564 | D:7      | Found Jutzag's Magic Scroll Shop.
  9901 | D:8      | Found a hide-covered altar of Uskayaw.
 10005 | D:8      | Found a shimmering altar of Xom.
 10005 | D:8      | Found a shimmering altar of Xom.
 10006 | D:8      | Found a shimmering altar of Xom.
 10006 | D:8      | Found a shimmering altar of Xom.
 10006 | D:8      | Found a shimmering altar of Xom.
 10006 | D:8      | Found a shimmering altar of Xom.
 10339 | D:8      | Reached * piety under Cheibriados
 10579 | D:8      | Found a shimmering altar of Xom.
 10579 | D:8      | Found a shimmering altar of Xom.
 10579 | D:8      | Noticed a manticore
 10689 | D:8      | Learned a level 4 spell: Ice Form
 10800 | D:9      | Reached skill level 1 in Ice Magic
 10802 | D:9      | Found an opulent altar of Gozag.
 10837 | D:9      | Found a broken altar of Ashenzari.
 10844 | D:9      | Found a bloodstained altar of Trog.
 10959 | D:9      | Reached XP level 10. HP: 45/58 MP: 10/13
 11180 | D:9      | Reached skill level 10 in Unarmed Combat
 11462 | D:9      | Reached ** piety under Cheibriados
 11462 | D:9      | Reached skill level 10 in Transmutations
 11773 | D:9      | Found a shimmering blue altar of Sif Muna.
 12050 | D:9      | Reached *** piety under Cheibriados
 12058 | D:9      | Reached skill level 5 in Fighting
 12349 | D:10     | Entered Level 10 of the Dungeon
 12349 | D:10     | Found Qasouqem's Book Emporium.
 12349 | D:10     | Noticed a two-headed ogre
 12358 | D:10     | Killed a two-headed ogre
 12550 | D:10     | Reached XP level 11. HP: 58/72 MP: 11/13
 12868 | D:10     | Noticed a two-headed ogre
 12882 | D:10     | Killed a two-headed ogre
 12882 | D:10     | Reached skill level 5 in Dodging
 13109 | D:10     | Reached **** piety under Cheibriados
 13151 | D:10     | Noticed a wizard
 13281 | D:10     | Killed a wizard
 13294 | D:10     | Noticed a deep elf knight
 13315 | D:10     | Killed a deep elf knight
 13406 | D:10     | Identified the +10 flail of the Visions {venom, +Blink rN+
                  | Str-5 Stlth+}
 13448 | D:10     | Identified the +10 great sword of Jasil {holy, rF+}
 13448 | D:10     | Noticed a deep elf mage
 13450 | D:10     | Killed a deep elf mage
 13507 | D:10     | Found a runed translucent door.
 13507 | D:10     | Noticed a two-headed ogre
 13508 | D:10     | Noticed a cyclops
 13511 | D:10     | Found a runed translucent door.
 13511 | D:10     | Noticed a wizard
 14066 | D:11     | Noticed a seven-headed hydra
 14236 | D:11     | Noticed an oklob plant
 14552 | D:11     | Killed an unseen horror
 14963 | D:11     | Reached ***** piety under Cheibriados
 15060 | D:11     | HP: 3/92 [seven-headed hydra (3)]
 15060 | D:11     | Mangled by a seven-headed hydra

Illustrated notes

Levels and vault maps discovered:
D:1:      minmay_arrival_up_and_down, layout_basic
D:2:      minmay_angry_zag, layout_basic, overflow_temple_1_default,
          uniq_jessica
D:3:      layout_basic, bloody_makhleb, nicolae_overflow_crystal_walls
D:4:      layout_layer_cave, minmay_temple_entry_glassed_door,
          chequers_serial_rivers_marsh, lemuel_statue_altar
D:5:      layout_basic, kennysheep_mini, gup_sewer_entry_glass, serial_shops,
          shop_statue
D:6:      layout_loops_ring, overflow_temple_1_default, marbit_many_paths,
          okawaru_trees_1, uniq_grinder
D:7:      layout_cave_pools, slow_altar_2, serial_shops, shop
D:8:      layout_loops_ring, serial_glass, glass_columns_a, glass_columns_b,
          glass_columns_b, glass_columns_a, glass_columns_a, glass_columns_b,
          basic_altar, xom_shifter_show
D:9:      layout_long_grid, tgw_sif, minmay_overflow_temple_star_quad,
          special_room [special_room_bee], chequers_garden
D:10:     minmay_the_grid_four_pointed_star_mashed
          [minmay_the_grid_triangle_9x9_alien,
          minmay_the_grid_triangle_9x9_cache,
          minmay_the_grid_triangle_9x9_skeleton,
          minmay_the_grid_triangle_9x9_tough_junction,
          minmay_the_grid_prize_shrinking_boxes], layout_small_grid,
          serial_shops, shop, minmay_strange_pillars, minmay_misc_feat_alley
D:11:     layout_grid_maze, dpeg_oklobed_lair, fungi_pond_lemuel,
          minmay_misc_feat_columns
Temple:   cyrus_temple_forest

Skill      XL: |  1  2  3  4  5  6  7  8  9 10 11 |
---------------+----------------------------------+-----
Transmutations | 3 4 5 6 7 9 10 | 10.0
Unarmed Combat | 4 5 6 8 9 10 | 10.0
Poison Magic   | 1 3 |  3.0
Spellcasting   | 3 |  3.0
Ice Magic      | 2 4 |  4.0
Fighting       | 6 8 |  8.2
Dodging        | 4 8 |  8.0

Action                   |  1- 3 |  4- 6 |  7- 9 | 10-12 || total
-------------------------+-------+-------+-------+-------++-------
Melee: Unarmed           |    60 |   147 |   305 |   194 ||   706
       Constrict         |    24 |    34 |     5 |    20 ||    83
       Kick              |    10 |    24 |       |       ||    34
       Tentacles         |     6 |    19 |     9 |    35 ||    69
       Punch             |       |     2 |     1 |    13 ||    16
 Cast: Beastly Appendage |    11 |    28 |     3 |       ||    42
       Spider Form       |       |     4 |    43 |     6 ||    53
       Blade Hands       |       |       |     1 |    30 ||    31
       Ice Form          |       |       |       |     2 ||     2
Evoke: Wand              |       |       |       |     2 ||     2
  Use: Scroll            |       |     8 |     9 |     6 ||    23
       Potion            |       |     3 |     2 |     1 ||     6
 Stab: Sleeping          |     4 |     4 |       |     2 ||    10
       Invisible         |       |     1 |       |       ||     1
Armor: Skin              |     6 |    17 |     8 |    57 ||    88
Dodge: Dodged            |    43 |   118 |   252 |   144 ||   557
Block: Other             |       |       |     1 |    20 ||    21

Table legend: (Time is in decaauts)
 A = Elapsed time spent in this place.
 B = Non-inter-level travel time spent in this place.
 C = Inter-level travel time spent in this place.
 D = Time resting spent in this place.
 E = Time spent auto-exploring this place.
 F = Levels seen in this place.
 G = Mean time per level.
                   A        B        C        D        E       F      G
               +--------+--------+--------+--------+--------+-----+--------+
         Total |  16651 |  16043 |    608 |   1192 |  12725 |  12 | 1387.6 |
       Dungeon |  16567 |  16000 |    567 |   1192 |  12681 |  11 | 1506.1 |
        Temple |     84 |     44 |     40 |      0 |     44 |   1 |   84.0 |
               +--------+--------+--------+--------+--------+-----+--------+

Top non-repeatable levels by time:
    D:10: 2110 daAuts
     D:9: 1916 daAuts
     D:5: 1912 daAuts
    D:11: 1649 daAuts
     D:4: 1531 daAuts
     D:2: 1378 daAuts
     D:1: 1344 daAuts
     D:6: 1341 daAuts
     D:8: 1262 daAuts
     D:3: 1145 daAuts
     D:7: 974 daAuts
  Temple: 84 daAuts
